 Dungeon Crawl Stone Soup version 0.18-a0-46-g45ca8e4 (webtiles) character file.

92 fotsohgehT the Slasher (level 4, -2/27 HPs)
             Began as a Deep Elf Fighter on Nov 6, 2015.
             Was an Initiate of Cheibriados.
             Slain by an orc priest (3 damage)
             ... on level 3 of the Dungeon.
             The game lasted 00:12:08 (2298 turns).

fotsohgehT the Slasher (Deep Elf Fighter)           Turns: 2298, Time: 00:12:08

Health: -2/27      AC: 11    Str: 15    XL:     4   Next: 35%
Magic:  3/6        EV:  3    Int: 14    God:    Cheibriados [......]
Gold:   193        SH:  8    Dex: 15    Spells: 0 memorised, 3 levels left

rFire  + . .     SeeInvis .     a - +0 long sword
rCold  x . .     Clarity  .     t - +0 chain mail
rNeg   . . .     SustAt   .     c - +0 shield
rPois  .         Gourm    .     u - +0 helmet
rElec  .         Spirit   .     f - +0 cloak
rCorr  .         Warding  .     (no gloves)
rMut   .         Stasis   .     (no boots)
MR     .....                    (no amulet)
Stlth  ..........               (no ring)
                                j - ring of fire (curse)

@: very slow, not resistant to hostile enchantments, extremely unstealthy
A: no striking features
a: Bend Time, Renounce Religion


You were on level 3 of the Dungeon.
You worshipped Cheibriados.
Cheibriados was noncommittal.
You were hungry.

You visited 1 branch of the dungeon, and saw 3 of its levels.

You collected 193 gold pieces.

Inventory:

Hand Weapons
 a - a +0 long sword (weapon)
Missiles
 l - 50 stones (quivered)
 n - 17 bolts
Armour
 b - a +0 scale mail
 c - a +0 shield (worn)
 f - a +0 cloak (worn)
 t - a +0 chain mail (worn)
 u - a +0 helmet (worn)
Jewellery
 j - a cursed ring of fire (left hand)
Scrolls
 g - a scroll of remove curse {unknown}
 i - a scroll of teleportation {unknown}
 k - a scroll of recharging {unknown}
 m - 2 scrolls of identify {unknown}
Potions
 h - 2 potions of curing
 q - a potion of flight {unknown}
 r - a potion of poison {unknown}
Books
 o - a book of Envenomations

   Spells                             Type                      Level
   a - Spider Form                    Transmutation/Poison         3
   b - Alistair's Intoxication        Transmutation/Poison         4
   c - Olgreb's Toxic Radiance        Poison                       4
   d - Poisonous Cloud                Conjuration/Poison/Air       6
Comestibles
 d - a beef jerky
 e - a bread ration
 p - 3 fruits
 s - 4 chunks of flesh


   Skills:
 - Level 2.4 Fighting
 * Level 4.0 Long Blades
 - Level 2.4 Armour
 - Level 2.4 Shields
 + Level 1.0 Invocations


You had 3 spell levels left.
You didn't know any spells.

Dungeon Overview and Level Annotations

Branches:
Dungeon (3/15)

Altars:
Cheibriados

Annotations:
D:3 Terence


Message History

The orc priest hits you.
* * * LOW HITPOINT WARNING * * *
The orc completely misses you.
You completely miss the orc priest.
The orc priest is almost dead.
The orc priest barely misses you. The orc hits you but does no damage.
You barely miss the orc priest.
The orc priest is almost dead.
The orc priest hits you.
* * * LOW HITPOINT WARNING * * *
The orc barely misses you.
The orc priest looks braver for a moment.
You closely miss the orc priest.
The orc priest is almost dead.
You block the orc's attack. The orc priest hits you.
* * * LOW HITPOINT WARNING * * *
You barely miss the orc priest.
The orc priest is almost dead.
The orc priest hits you.
You die...

###########..........#
..#.................##
.........####.......#
..........# #######h##
..........# #..#
..........# ##h#
..........# #.#
..........##########.####
.<)...........oo@o†.....#
.........##########......#
..#.....## ##....##
######### ######


You could see an orc priest and 2 orcs.

Vanquished Creatures
  An adder (D:2)
  3 gnolls (D:2)
  3 giant geckos
  An orc (D:3)
  3 giant cockroaches
  4 hobgoblins
  6 jackals
  A ball python (D:1)
  8 bats
  A giant newt (D:1)
  5 goblins
  7 kobolds
  A quokka (D:2)
  3 rats
47 creatures vanquished.

Notes
Turn   | Place    | Note
--------------------------------------------------------------
     0 | D:1      | fotsohgehT the Deep Elf Fighter began the quest for the Orb.
     0 | D:1      | Reached XP level 1. HP: 13/13 MP: 3/3
   415 | D:1      | Reached XP level 2. HP: 15/18 MP: 4/4
  1049 | D:2      | Reached skill level 3 in Long Blades
  1215 | D:2      | Reached XP level 3. HP: 7/22 MP: 5/5
  1494 | D:2      | Found a snail-covered altar of Cheibriados.
  1523 | D:2      | Became a worshipper of Cheibriados the Contemplative
  2013 | D:3      | Noticed Terence
  2069 | D:2      | Reached XP level 4. HP: 24/27 MP: 2/6
  2080 | D:2      | Reached skill level 1 in Invocations
  2177 | D:3      | Reached skill level 4 in Long Blades
  2297 | D:3      | HP: 1/27 [orc priest (1)]
  2298 | D:3      | Slain by an orc priest

Vault maps used:
D:1:      dpeg_arrival_tiny_b
D:2:      lemuel_crystal_altar
D:3:      first_bread, uniq_terence

Action                   |  1- 3 |  4- 6 || total
-------------------------+-------+-------++-------
Melee: Long sword        |   132 |    47 ||   179
Throw: Stone             |       |     1 ||     1
Invok: Bend Time         |     2 |     2 ||     4
  Use: Potion            |     1 |     1 ||     2
  Eat: Chunk             |     4 |     1 ||     5
